Unix NetHack Version 5.0.0-0 post-release - last build May 31 2026 23:59:36 (970b52f25bf058293b47ddfd14a1e40e571c508c,branch:main).

Game began 2026-06-06 18:22:10, ended 2026-06-06 19:27:26.

Jobair, lawful female dwarven Archeologist

                 ...
                  ...
                --...
                |.^|                                    h
                |.--  ...|  ...
                |.|  ....---....
                |.| --....|......                       ...
              ---.| -........<...                      .....
           ----...| .....--.--...                     .......G
          |0....--- -.|.----- --                      .)a@...
        ---.---.-------.|                             --.....
    -----...| |..--..|..|                              |.*..
   --.--....| |........--                               ---
   |.......-- |........|                                            G G
   --......|  |...------
    ---.|.--  --..|
      -----    ----
Jobair the Investigator    St:17 Dx:8 Co:15 In:13 Wi:16 Ch:8  Lawful
Dlvl:6  $:840 HP:0(67) Pw:28(28) AC:5  Xp:7 T:5399  Hungry   Burdened

Latest messages:
 You kill the wolf!
 Vorpal Blade decapitates the wolf!
 You kill the wolf!
 Welcome to experience level 7.
 You miss the wolf.
 The wolf bites!
 You hit the wolf.
 The wolf bites!
 You miss the wolf.
 You hit the wolf!
 The wolf bites!
 You hit the wolf!
 The wolf bites!
 You miss the wolf.
 The wolf bites!
 You hit the wolf.
 You miss the wolf.
 The wolf bites!
 You hit the wolf!
 The wolf bites!
 The kobold lord hits!
 You hit the kobold lord.
 You are beginning to feel hungry.
 You hit the kobold lord!
 You kill the kobold lord!
 You see here 5 darts.
 The wolf strikes at your displaced image and misses you!
 You swap places with the peaceful gnome.
 The gnomish wizard suddenly disappears!
 You swap places with the peaceful gnomish wizard.
 The gnomish wizard suddenly disappears!
 The wolf suddenly disappears!
 You climb up the stairs.
 Where do you want to travel to?
 (For instructions type a '?')
 What do you want to eat?
 This fortune cookie is delicious!
 This cookie has a scrap of paper inside.
 It reads:
 I once knew a hacker who ate too fast and choked to death.
 You climb up the stairs.
 You climb up the stairs.
 The giant beetle bites!
 The giant beetle bites!
 You die...
 Do you want your possessions identified? [ynq] (y) y
 Do you want to see your attributes? [ynq] (y) y
 Do you want an account of creatures vanquished? [ynaq] (y) y
 Do you want to see your conduct and achievements? [ynq] (y) y
 Do you want to see the dungeon overview? [ynq] (y) y

Inventory:
 Coins    ('$')
  $ - 840 gold pieces
 Amulets  ('"')
  Z - an uncursed amulet of unchanging
  q - a cursed amulet of unchanging
 Weapons  (')')
  F - 8 blessed +2 darts
  N - a blessed +1 dart
  R - 5 blessed +0 darts
  I - 22 +0 darts
  u - a +2 bullwhip
  a - the +1 Vorpal Blade (weapon in right hand)
 Armor    ('[')
  P - an uncursed +0 orcish helm (being worn)
  j - a cursed -2 pair of elven boots
  U - a blessed +1 pair of speed boots (being worn)
  t - an uncursed +0 cloak of displacement (being worn)
  h - an uncursed +0 leather jacket (being worn)
 Comestibles  ('%')
  d - 5 uncursed food rations
  Q - an uncursed tripe ration
 Scrolls  ('?')
  T - an uncursed scroll of confuse monster
  C - a cursed scroll of confuse monster
  r - an uncursed scroll of earth
  s - an uncursed scroll of fire
  K - an uncursed scroll of gold detection
  m - 2 uncursed scrolls of identify
  L - an uncursed scroll of remove curse
 Potions  ('!')
  w - an uncursed potion of gain ability
  x - a blessed potion of healing
  S - an uncursed potion of healing
  e - a blessed potion of levitation
  l - an uncursed potion of levitation
  A - an uncursed potion of monster detection
  z - an uncursed potion of speed
 Rings    ('=')
  Y - an uncursed +1 ring of adornment
 Wands    ('/')
  J - a wand of cold (0:4)
  G - a wand of polymorph (0:1)
 Tools    ('(')
  b - an empty uncursed sack
  E - a blessed crystal ball (0:7)
  M - an uncursed figurine of a plains centaur
  y - an uncursed lock pick
  V - a cursed lock pick
  v - an uncursed magic lamp (lit)
  p - an uncursed oil lamp
  i - a +0 pick-axe
  f - a tinning kit (0:94)
 Gems/Stones  ('*')
  D - 2 uncursed worthless pieces of green glass
  B - an uncursed worthless piece of red glass
  k - an uncursed worthless piece of violet glass
  n - 2 uncursed worthless pieces of yellow glass
  g - an uncursed touchstone

Jobair the Archeologist's attributes:

Background:
 You were an Investigator, a level 7 female dwarven Archeologist.
 You were lawful, on a mission for Quetzalcoatl
 who was opposed by Camaxtli (neutral) and Huhetotl (chaotic).
 You were right-handed.
 You were in the Gnomish Mines, on level 6.
 You entered the dungeon 5399 turns ago.
 You had 676 experience points, 604 more were needed to attain level 8.

Basics:
 You had 0 out of 67 hit points.
 You had all 28 energy points (spell power).
 Your armor class was 5.
 Your wallet contained 840 zorkmids.
 Autopickup was off.

Final Characteristics:
 Your strength was 17 (limit:18/100).
 Your dexterity was 8 (limit:20).
 Your constitution was 15 (limit:20).
 Your intelligence was 13 (limit:16).
 Your wisdom was 16 (limit:16).
 Your charisma was 8 (limit:16).

Final Status:
 You were hungry.
 You were burdened; movement was slightly slowed.
 You were wielding a long sword.
 You had no skill with long sword.

Final Attributes:
 You were piously aligned.
 You were telepathic.
 You had automatic searching.
 You had infravision.
 You were displaced.
 You were stealthy.
 You aggravated monsters.
 You were warded.
 You were very fast.
 You were very lucky.
 You are dead.

Miscellaneous:
 You didn't encounter any bones levels.
 Total elapsed playing time was 1 hour, 5 minutes and 14 seconds.

Major events:
 Turn
    1: Jobair the lawful female dwarven Archeologist entered the dungeon
  575: found Vorpal Blade in a shop
  903: entered the Gnomish Mines
 1057: reached Mine Town
 1402: attained the rank of Field Worker (level 3)
 3708: attained the rank of Investigator (level 6)
 5399: killed by a giant beetle

You didn't know any spells.

Skills:
 Fighting Skills
   bare handed combat [Unskilled]
   two weapon combat  [Unskilled]
   riding             [Unskilled]
 Weapon Skills
   dagger             [Unskilled]
   knife              [Unskilled]
   pick-axe           [Basic]
   short sword        [Unskilled]
   saber              [Unskilled]
   club               [Unskilled]
   quarterstaff       [Unskilled]
   sling              [Unskilled]
   dart               [Basic]
   boomerang          [Unskilled]
   whip               [Basic]
   unicorn horn       [Unskilled]
 Spellcasting Skills
   attack spells      [Unskilled]
   healing spells     [Unskilled]
   divination spells  [Unskilled]
   matter spells      [Unskilled]

Voluntary challenges:
 Character rerolling was not enabled.
 You never genocided any monsters.
 You never polymorphed an object.
 You never changed form.
 You used no wishes.
Achievements:
 You entered a shop.
 You entered the Gnomish Mines.
 You entered Minetown.
 You attained the rank of Field Worker.
 You entered a temple.
 You attained the rank of Investigator.

 The Dungeons of Doom: levels 1 to 6
    Level 1:
    Level 2:
       A weapon shop, a fountain.
       Stairs down to The Gnomish Mines.
    Level 3:
       A general store.
    Level 4:
       An armor shop.
    Level 5:
    Level 6:
       Many fountains.
 The Gnomish Mines: levels 3 to 9
    Level 3:
    Level 4:
    Level 5:
       Many shops, a temple and an altar to Quetzalcoatl, many fountains.
    Level 6: <- You were here.
       Final resting place for
          you, killed by a giant beetle.
    Level 7:
    Level 8:
    Level 9:


Vanquished creatures:
  a vampire
  2 small mimics
  a shocking sphere
  a watchman
  2 wolves
 an orc-captain
  2 giant spiders
  a bugbear
  a rock piercer
  a pony
  a fog cloud
  a yellow light
  a violet fungus
  4 gnome leaders
  a black naga hatchling
  a gray ooze
  a giant ant
  2 floating eyes
  a kitten
  3 dwarves
  2 kobold leaders
  2 kobold shamans
  4 hill orcs
  a rothe
  a rabid rat
  a giant bat
 an orc zombie
  2 dwarf zombies
  2 iguanas
 an acid blob
  3 gas spores
  a large kobold
  2 hobgoblins
  2 giant rats
  4 cave spiders
  a green mold
  a red mold
 20 gnomes
  a gnome zombie
  a gecko
  5 jackals
  3 foxes
  3 goblins
  3 grid bugs
  a bat
  4 lichens
  2 kobold zombies
  8 newts
111 creatures vanquished.

No species were genocided or became extinct.

Game over:
                       ----------
                      /          \
                     /    REST    \
                    /      IN      \
                   /     PEACE      \
                  /                  \
                  |      Jobair      |
                  |      840 Au      |
                  |   killed by a    |
                  |   giant beetle   |
                  |                  |
                  |                  |
                  |       2026       |
                 *|     *  *  *      | *
        _________)/\\_//(\/(/\)/\//\/|_)_______

Goodbye Jobair the Archeologist...

You died in The Gnomish Mines on dungeon level 6 with 3870 points,
and 840 pieces of gold, after 5399 moves.
You were level 7 with a maximum of 67 hit points when you died.

